Map: Deathaura LE

Players

BlysK

  • Race: Protoss Protoss
  • League: Master
  • Spawn Location: 11:00

EnDerr - Winner!

  • Race: Zerg Zerg
  • League: Master
  • Spawn Location: 5:00

Event: DreamHack SC2 Masters 2020 Summer Oceania RoA

VOD

Have the link to the VOD?

Description

Time

  • Played on: June 25, 2020, 4:21 a.m.
  • Length: 10:53

All games in this series

Show
View Real Time Build Order
Export as new Build Order

BlysK Protoss 

Build Orders: 1 Gate Expand, Archon Immortal 

Get SALT Encoding   

  12  0:00  Probe  
  13  0:12  Probe  
  14  0:17  Pylon  
  14  0:24  Probe  
  15  0:33  Probe  
  15  0:35  Gateway  
  15  0:41  Probe  
  16  0:47  Assimilator  
  17  0:51  Probe  
  18  1:02  Gateway  
  18  1:03  Probe  
  19  1:16  Probe  
  20  1:23  Cybernetics Core  
  20  1:41  Nexus  
  20  1:49  Pylon  
  20  1:52  Probe  
  21  1:56  Adept  
  21  1:57  Adept  
  25  2:08  Warp Gate  
  25  2:09  Probe  
  25  2:14  Assimilator  
  26  2:21  Probe  
  27  2:27  Stalker  
  29  2:33  Probe  
  30  2:44  Probe  
  30  2:50  Robotics Facility  
  31  2:53  Probe  
  31  2:55  Probe  
  33  3:01  Probe  
  34  3:07  Probe  
  34  3:10  Probe  
  34  3:18  Probe  
  34  3:19  Probe  
  36  3:21  Pylon  
  36  3:23  Twilight Council  
  36  3:26  Probe  
  37  3:32  Probe  
  37  3:33  Warp Prism  
  39  3:38  Probe  
  42  3:44  Probe  
  43  3:50  Gateway  
  43  3:51  Gateway  
  43  3:53  Probe  
  44  3:56  Probe  
  44  4:00  Assimilator  
  44  4:02  Assimilator  
  45  4:07  Adept  
  45  4:08  Probe x2  
  49  4:16  Charge  
  49  4:20  Probe x2  
  49  4:23  Templar Archives  
  51  4:30  Pylon  
  51  4:32  Probe  
  51  4:33  Probe  
  51  4:37  Gateway  
  53  4:43  Gateway  
  53  4:44  Immortal  
  55  5:06  Shield Battery  
  55  5:07  Sentry, High Templar x2  
  55  5:08  Pylon  
  55  5:11  Archon  
  61  5:17  Immortal  
  61  5:22  Pylon  
  61  5:25  Gateway  
  65  5:33  Gateway  
  65  5:34  Sentry  
  65  5:35  Zealot  
  69  5:41  Shield Battery  
  69  5:45  Shield Battery  
  69  5:46  Pylon  
  69  5:47  Zealot x2  
  69  5:58  Warp Prism, Zealot  
  69  5:59  Zealot x2  
  63  6:11  Zealot x2  
  67  6:20  Probe  
  67  6:22  Gateway  
  67  6:24  Probe  
  69  6:30  High Templar x4  
  69  6:32  Pylon  
  77  6:35  Archon x2  
  77  6:43  Zealot  
  65  6:50  Immortal  
  65  6:53  Zealot x2  
  67  6:56  Probe  
  67  6:59  Probe  
  71  7:08  High Templar x2, Probe  
  74  7:11  Probe  
  74  7:12  Archon  
  76  7:24  Forge  
  76  7:34  Sentry x2, Zealot x2  
  76  7:35  Zealot  
  86  7:39  Pylon  
  86  7:41  Pylon  
  86  7:48  Pylon  
  86  7:56  Pylon  
  86  8:05  Sentry, High Templar x2, Zealot  
  90  8:06  Zealot x4  
  90  8:09  Archon  
  102  8:25  Nexus  
  102  8:27  High Templar  
  102  8:28  High Templar, Zealot x2  
  102  8:30  Zealot  
  102  8:32  Archon  
  106  8:44  Sentry x2, Zealot x2  
  102  8:53  Zealot x2  
  90  9:00  Zealot  
  90  9:01  Zealot  
  90  9:02  Probe x2  
  84  9:06  Zealot x2  
  84  9:09  Zealot x2  
  76  9:11  Immortal  
  56  9:26  High Templar x2  
  56  9:30  Archon  
  60  9:32  Sentry  
  60  9:37  Immortal  
  62  9:39  Zealot x2  
  62  9:40  Sentry  
  62  9:45  Shield Battery  
  72  9:57  Zealot x2  
  72  9:58  Sentry  
  78  10:03  Zealot x2  
  75  10:13  Zealot x2  
  67  10:25  Zealot x4  
  63  10:32  High Templar x2  
  63  10:34  Sentry  
  68  10:37  Archon  
  60  10:46  Zealot x2  
  60  10:47  Zealot x2  
Show
View Real Time Build Order
Export as new Build Order

EnDerr Zerg - Winner!

Build Orders: Hatch First 

Get SALT Encoding   

  12  0:00  Drone  
  13  0:12  Overlord  
  13  0:17  Drone  
  14  0:31  Drone x2  
  16  0:50  Hatchery  
  16  0:51  Drone  
  16  0:56  Drone  
  17  0:59  Drone  
  18  1:06  Extractor  
  17  1:14  Spawning Pool  
  17  1:18  Drone  
  17  1:21  Drone  
  18  1:30  Drone  
  19  1:49  Hatchery, Drone  
  20  2:01  Zergling x4  
  20  2:04  Queen  
  23  2:20  Metabolic Boost  
  23  2:26  Drone x3  
  23  2:27  Overlord  
  26  2:32  Zergling x2  
  26  2:35  Zergling x2  
  28  2:46  Zergling x4  
  30  2:52  Overlord, Queen  
  32  3:04  Drone x3  
  35  3:06  Drone  
  35  3:12  Drone x4  
  40  3:13  Drone  
  40  3:21  Queen  
  40  3:26  Overlord  
  42  3:31  Drone x3  
  45  3:40  Drone x3  
  48  3:45  Roach Warren  
  48  3:46  Extractor  
  48  3:47  Drone x3  
  49  3:56  Overlord x2  
  49  4:04  Overlord x2  
  47  4:24  Zergling x4  
  47  4:26  Roach x4  
  47  4:27  Roach x3  
  47  4:31  Roach x2  
  66  4:46  Zergling x16  
  73  5:00  Zergling x2  
  73  5:01  Zergling x14  
  73  5:04  Overlord  
  81  5:13  Ravager x2  
  83  5:15  Ravager, Overlord  
  83  5:19  Zergling x12  
  83  5:20  Overlord  
  89  5:24  Overlord  
  87  5:32  Zergling x2  
  87  5:33  Zergling x2  
  86  5:37  Zergling x2  
  86  5:40  Zergling x2  
  85  5:44  Zergling x2  
  85  5:46  Queen  
  85  5:47  Queen  
  85  5:49  Zergling x6  
  92  5:53  Zergling x2  
  92  5:55  Zergling x2  
  92  5:57  Zergling x6  
  91  6:00  Zergling x4  
  91  6:01  Zergling x4  
  91  6:06  Zergling x2  
  91  6:10  Zergling x2  
  77  6:20  Ravager x3  
  77  6:21  Lair  
  77  6:23  Drone x4  
  84  6:27  Drone  
  84  6:28  Drone x2  
  84  6:32  Overlord  
  87  6:33  Drone  
  87  6:41  Drone  
  87  6:43  Drone  
  79  6:49  Drone  
  79  6:51  Drone x3  
  73  6:54  Drone  
  73  6:55  Drone x4  
  73  6:57  Drone  
  76  7:03  Overlord  
  76  7:08  Overlord  
  74  7:09  Roach x3, Extractor x2  
  74  7:11  Roach  
  74  7:15  Roach  
  78  7:19  Glial Reconstitution  
  78  7:20  Roach  
  78  7:21  Roach  
  82  7:24  Queen x2  
  82  7:25  Queen  
  82  7:28  Roach  
  90  7:31  Roach x2  
  90  7:32  Roach x3  
  90  7:34  Roach  
  102  7:39  Roach x2  
  102  7:42  Overlord  
  109  7:44  Roach x2  
  109  7:56  Roach x3, Spine Crawler  
  109  7:57  Roach x2, Spine Crawler x2  
  116  8:02  Ravager  
  116  8:03  Queen  
  116  8:05  Queen  
  119  8:10  Queen  
  124  8:12  Ravager  
  124  8:16  Overlord  
  124  8:17  Roach x3  
  130  8:23  Ravager, Overlord  
  130  8:25  Roach  
  133  8:27  Roach  
  133  8:30  Roach  
  137  8:35  Roach x2  
  137  8:39  Roach x2  
  138  8:45  Roach x2  
  140  8:48  Roach x2  
  140  8:50  Roach  
  140  8:55  Roach x2  
  130  8:59  Roach  
  130  9:02  Roach  
  114  9:04  Roach  
  114  9:06  Roach  
  114  9:09  Roach  
  100  9:12  Roach  
  100  9:15  Queen  
  100  9:16  Queen  
  102  9:24  Roach x4  
  102  9:28  Roach  
  106  9:32  Evolution Chamber  
  106  9:38  Zergling x12  
  111  9:48  Spire  
  110  9:55  Extractor x2  
  110  9:59  Drone x6  
  116  10:00  Drone x2  
  110  10:16  Zergling x2  
  110  10:17  Zergling x12  
  112  10:23  Zergling x4  
  112  10:29  Drone x2  
  108  10:43  Hatchery  
Tags
 
Add a new tag
Caveats
  • Supply blocks, unpowered buildings, or Contaminate may cause inaccurate times.
  • Supply counts are checked every 10 seconds.